 Dungeon Crawl Stone Soup version 0.19.5 (webtiles) character file.

48468 NullDivider the Ripper (level 14, -10/65 HPs)
             Began as a Felid Berserker on Apr 15, 2017.
             Was a High Priest of Trog.
             Shot with an arrow by a naga sharpshooter (16 damage)
             ... on level 1 of the Snake Pit on Apr 17, 2017.
             The game lasted 05:30:53 (36598 turns).

NullDivider the Ripper (Felid Berserker)           Turns: 36598, Time: 05:30:54

Health: -10/65     AC:  7    Str: 15    XL:     14   Next: 12%
Magic:  0/33       EV: 34    Int:  8    God:    Trog [*****.]
Gold:   2005       SH:  0    Dex: 21    Spells: 0 memorised, 13 levels left
                                        Lives:  0   Deaths: 4

rFire  . . .     SeeInvis +       - Unarmed
rCold  + . .     Gourm    .     (armour unavailable)
rNeg   . . .     Faith    .     (shield unavailable)
rPois  +         Spirit   +     (helmet unavailable)
rElec  .         Reflect  .     (cloak unavailable)
rCorr  .         Harm     .     (gloves unavailable)
MR     +++++                    (boots unavailable)
Stlth  +++++++...               M - amulet of guardian spirit
                                D - ring of magical power
                                Q - ring of magical power

@: exhausted, regenerating, slowed, slow
A: no armour, no weapons or thrown items, stealth, claws 1, fangs 3, rugged
brown scales 1, thin metallic scales 2, see invisible, carnivore 3,
deterioration 1, speed 1, frail 1, magic resistance 1, poison resistance, shaggy
fur 3, slow metabolism 1, strong 1, subdued magic 1, sharp paws
a: Berserk, Trog's Hand, Brothers in Arms, Burn Spellbooks, Renounce Religion


You were on level 1 of the Snake Pit.
You worshipped Trog.
Trog was extremely pleased with you.
You were very full.

You visited 5 branches of the dungeon, and saw 22 of its levels.

You collected 2241 gold pieces.
You spent 236 gold pieces at shops.

Inventory:

Jewellery
 g - an uncursed ring of protection from cold
 l - an uncursed ring of positive energy
 m - an uncursed ring of fire
 r - the ring "Quffabeji" {rCorr rElec rF- Str+3 Int+6}
   (You found it on level 4 of the Dungeon)

   [ring of resist corrosion]

   It affects your strength (+3).
   It affects your intelligence (+6).
   It makes you vulnerable to fire.
   It insulates you from electricity.
 B - an uncursed ring of flight
 D - a ring of magical power (right paw)
 M - an amulet of guardian spirit (around neck)
 O - a +3 ring of protection
 Q - a ring of magical power (left paw)
 U - a +3 ring of protection
Wands
 f - a wand of iceblast (8/15)
 h - a wand of teleportation (2/9)
 s - a wand of flame (16/48)
 w - a wand of iceblast (3/15)
 y - a wand of digging (15/24)
 L - a wand of digging (10/24)
Scrolls
 c - 3 scrolls of fog
 d - 6 scrolls of teleportation
 i - a scroll of identify
 n - a scroll of brand weapon {unknown}
 p - a scroll of recharging
 q - 4 scrolls of magic mapping
 v - 2 scrolls of remove curse
Potions
 b - 6 potions of curing
 e - 4 potions of cure mutation
 j - 5 potions of agility
 k - 5 potions of flight
 o - 4 potions of lignification
 t - a potion of resistance {unknown}
 u - 5 potions of cancellation
 z - 2 potions of heal wounds
 A - a potion of magic {unknown}
 I - a potion of brilliance {unknown}
 X - 2 potions of haste
Miscellaneous
 x - a lamp of fire
Comestibles
 a - 10 meat rations
 C - a royal jelly
 E - 2 chunks of flesh


   Skills:
 + Level 13.1 Fighting
 + Level 16.9 Dodging
 + Level 17.0 Stealth
 * Level 17.7 Unarmed Combat


You had 13 spell levels left.
You didn't know any spells.

Dungeon Overview and Level Annotations

Branches:
Dungeon (12/15)            Temple (0/1) D:6            Lair (6/6) D:8
 Shoals (1/4) Lair:4        Snake (1/4) Lair:2        Slime (0/5) Lair:6
    Orc (2/2) D:12            Elf (0/3) Orc:2

Altars:
Cheibriados
Fedhas
Gozag
Hepliaklqana
Nemelex Xobeh
Okawaru
Qazlal
Trog
Uskayaw
Yredelemnul
Zin
Beogh
Jiyva

Shops:
D:5 !   D:8 %   D:10 *   Orc:2 !?(}%

Portals:
Pandemonium: Orc:2

Annotations:
Lair:6 1 runed door


Innate Abilities, Weirdness & Mutations

You cannot wear armour.
You are incapable of wielding weapons or throwing items.
Your paws allow you to move quietly. (Stealth)
You have sharp claws.
You have razor-sharp teeth.
You have supernaturally acute eyesight. (SInv)
You are carnivorous and can eat meat at any time.
You cover ground quickly.
Your thick and shaggy fur keeps you warm. (AC +3, rC+)
You have a slow metabolism.
Your sharp claws are effective at attacking unaware monsters.
You are partially covered in rugged brown scales. (AC +1, +3% HP)
You are mostly covered in thin metallic scales. (AC +3)
Your body sometimes deteriorates upon taking damage.
You are frail. (-10% HP)
You are resistant to hostile enchantments. (MR+)
Your system is resistant to poisons. (rPois)
Your muscles are strong. (Str +2)
Your spells are a little easier to cast, but a little less powerful.


Message History

The splash of poison misses you.
You mangle the naga sharpshooter!!
The naga sharpshooter is almost dead.
The naga sharpshooter casts a spell.
The naga sharpshooter magically shoots an arrow.
The arrow hits you!
* * * LOW HITPOINT WARNING * * *
You feel much better.
The naga sharpshooter shoots an arrow.
The arrow hits you!!
* * * LOW HITPOINT WARNING * * *
The naga sharpshooter mumbles some strange words.
The naga sharpshooter magically shoots an arrow.
The arrow hits you!
* * * LOW HITPOINT WARNING * * *
You barely miss the naga sharpshooter.
The naga sharpshooter is almost dead.
The naga sharpshooter casts a spell.
The naga sharpshooter magically shoots an arrow.
The arrow hits you!
You die...

##.########.##.##..##)##.
##.##......##..##....##.#.
##.##.######.####...[..#.#.
##)##.##.%..##.###...)..#.#.
#.##.##.####.##†##.....##.#.
#.#.##)##..##.##.#.#..##)##.
#.#.#.##....##.#.#.####.##.#
#.#.#.#.[$...#(#.#.).).##.##
#.#.#.#.=(N@()##.#.#####.##.
#.#.#.##....###.##.#....##..
#.#.##)##..##).##.##.####..(
#.##.##.####.###.##.## #....
##)##.##.)..##))##.## #....
##.##.######.###.## ##..#
##.##......##..## #.##
##.########.### ###
##........##


You could see a naga sharpshooter.

Vanquished Creatures
  Gastronok (D:8)
  The ghost of Goboxel the Severer, an adept HOFi of the Shining One (Shoals:1)
  The ghost of Asagix the Bludgeoner, a journeyman MiBe of Trog (Orc:2)
  A fire dragon (Lair:6)
  5 hydras
  Erolcha (D:9)
  4 naga warriors (Snake:1)
  A catoblepas (D:9)
  4 anacondas (Snake:1)
  The ghost of Sanvar the Thaumaturge, a journeyman HuCj of Ru (D:9)
  A queen ant (Lair:4)
  Urug (Orc:1)
  6 orc high priests
  5 shock serpents (Snake:1)
  5 naga sharpshooters (Snake:1)
  Nergalle (Lair:3)
  An unseen horror (D:8)
  A flayed ghost (D:9)
  A torturous demonspawn (Orc:2)
  2 naga ritualists (Snake:1)
  6 orc knights
  3 harpies (Shoals:1)
  A lindwurm (Lair:6)
  3 mana vipers (Snake:1)
  2 ugly things
  2 cyclopes
  6 orc sorcerers (Orc:2)
  4 manticores
  9 elephants
  Joseph (D:7)
  5 salamanders (Snake:1)
  11 black mambas
  A rust devil (Orc:2)
  3 guardian serpents (Snake:1)
  Psyche (D:12)
  5 naga magi (Snake:1)
  4 torpor snails (Lair:6)
  15 spiny frogs
  2 orange demons (Orc:2)
  2 rime drakes
  7 komodo dragons
  The ghost of xhc the Digger, a novice GrEE of Vehumet (D:5)
  A red devil (Orc:2)
  2 polar bears
  A hellwing (Orc:2)
  7 trolls
  A two-headed ogre (D:12)
  2 tyrant leeches (Lair:6)
  21 blink frogs
  12 hippogriffs
  3 hornets (Lair:6)
  A merfolk (Shoals:1)
  Prince Ribbit (Lair:3)
  A dream sheep (Lair:1)
  Sigmund (D:2)
  A water elemental (Shoals:1)
  A shadow (D:11)
  A wraith (D:11)
  3 fire bats (Lair:6)
  A wyvern (D:8)
  A fire elemental (Orc:2)
  32 yaks
  A human (D:7)
  3 hogs (D:7)
  2 steam dragons (Lair:6)
  A hungry ghost (D:12)
  3 basilisks
  A warg (Orc:2)
  A neqoxec (Orc:2)
  The ghost of Yarinad the Shield-Bearer, an amateur GrFi (D:3)
  2 mottled dragons (Lair:6)
  16 water moccasins
  14 soldier ants (Lair:4)
  21 nagas
  7 porcupines
  2 swamp drakes (Lair:6)
  48 orc warriors
  A hornet zombie (D:10)
  A phantom (D:9)
  2 black bears
  An ice beast (D:10)
  3 sky beasts
  7 centaurs
  8 ogres
  16 wolves
  17 crocodiles
  3 big kobolds
  13 bullfrogs
  2 gnoll sergeants
  6 scorpions
  11 wights
  2 howler monkeys
  7 electric eels
  3 crimson imps
  A quasit (D:10)
  2 bullfrog zombies
  6 jellies
  2 centaur skeletons
  36 orc priests
  Crazy Yiuf (D:2)
  Terence (D:2)
  A bullfrog skeleton (D:4)
  9 hounds
  3 centaur zombies
  5 iguanas
  26 orc wizards
  27 worker ants
  A killer bee zombie (D:5)
  A hound zombie (D:8)
  A hound skeleton (D:4)
  A howler monkey zombie (D:5)
  A worker ant zombie (D:6)
  8 gnolls
  13 adders
  A howler monkey skeleton (D:8)
  2 shadow imps
  2 oozes
  3 adder zombies
  An adder skeleton (D:7)
  6 worms
  3 dart slugs
  11 leopard geckos
  112 orcs
  5 giant cockroaches
  11 goblins
  7 hobgoblins
  12 jackals
  19 kobolds
  6 quokkas
  2 ball pythons
  7 bats
  4 frilled lizards
  2 giant cockroach zombies (D:4)
  A jackal zombie (D:4)
  15 rats
  2 fungi (D:1)
  3 plants
841 creatures vanquished.

Vanquished Creatures (collateral kills)
  An orc warlord (Orc:1)
  2 entropy weavers (Lair:4)
  2 naga warriors (Snake:1)
  2 shock serpents (Snake:1)
  An orc high priest (Orc:2)
  An infernal demonspawn (Orc:2)
  A torturous demonspawn (Orc:2)
  A lindwurm (Lair:6)
  An orc knight (Orc:2)
  2 orc sorcerers (Orc:1)
  A manticore (Shoals:1)
  2 torpor snails (Lair:6)
  2 naga magi (Snake:1)
  3 hornets (Lair:6)
  A tyrant leech (Lair:6)
  A soldier ant (Lair:4)
  2 wargs (Orc:1)
  8 orc warriors
  An orc wizard (Orc:1)
  2 orcs (Orc:1)
  A plant (Lair:6)
38 creatures vanquished.

Vanquished Creatures (others)
  3 bushes (Lair:6)
  12 fungi
  47 plants
62 creatures vanquished.

Grand Total: 941 creatures vanquished

Notes
Turn   | Place    | Note
-------+----------+-------------------------------------------
     0 | D:1      | NullDivider the Felid Berserker began the quest for the Orb.
     0 | D:1      | Reached XP level 1. HP: 10/10 MP: 2/2
   199 | D:1      | Reached XP level 2. HP: 14/14 MP: 3/3
  1024 | D:2      | Noticed Terence
  1037 | D:2      | Killed Terence
  1037 | D:2      | Reached skill level 1 in Stealth
  1037 | D:2      | Reached XP level 3. HP: 7/17 MP: 4/4
  1864 | D:2      | Reached XP level 4. HP: 21/21 MP: 5/5
  1974 | D:2      | Noticed Sigmund
  2011 | D:2      | Killed Sigmund
  2011 | D:2      | Reached skill level 5 in Dodging
  2011 | D:2      | Reached XP level 5. HP: 25/25 MP: 6/6
  2118 | D:2      | Reached ** piety under Trog
  2299 | D:2      | Noticed a moth of wrath
  2302 | D:2      | Found a bloodstained altar of Trog.
  2757 | D:2      | Found a runed door.
  2887 | D:2      | Noticed Crazy Yiuf
  2892 | D:2      | Killed Crazy Yiuf
  2892 | D:2      | Gained mutation: You are covered in thick fur. (AC +2) [Felid growth]
  2892 | D:2      | Reached XP level 6. HP: 28/28 MP: 7/7
  2932 | D:3      | Found a snail-covered altar of Cheibriados.
  2932 | D:3      | Noticed Yarinad's ghost (amateur GrFi)
  3114 | D:3      | Killed Yarinad's ghost
  3114 | D:3      | Reached skill level 5 in Unarmed Combat
  3324 | D:3      | Found a faded altar of an unknown god.
  3996 | D:4      | Reached XP level 7. HP: 33/33 MP: 8/8
  4051 | D:4      | Reached *** piety under Trog
  4255 | D:4      | Got a fine jade ring
  4256 | D:4      | Identified the ring "Quffabeji" {rCorr rElec rF- Str+3 Int+6} (You found it on level 4 of the Dungeon)
  4608 | D:4      | Found a hide-covered altar of Uskayaw.
  4611 | D:4      | Found an opulent altar of Gozag.
  4614 | D:4      | Found a sparkling altar of Nemelex Xobeh.
  4617 | D:4      | Found a glowing silver altar of Zin.
  5057 | D:5      | Entered Level 5 of the Dungeon
  5119 | D:5      | Reached skill level 5 in Stealth
  5154 | D:5      | Reached skill level 5 in Fighting
  5160 | D:5      | Noticed xhc's ghost (novice GrEE)
  5169 | D:5      | You fall through a shaft for 3 floors!
  5202 | D:8      | Reached XP level 8. HP: 20/37 MP: 9/9
  5362 | D:8      | Noticed Gastronok
  5413 | D:8      | Found a staircase to the Lair.
  5413 | D:8      | Noticed an elephant
  5442 | D:8      | Killed an elephant
  5672 | D:8      | Found Dorij's Food Shop.
  5755 | D:8      | Noticed an unseen horror
  6026 | D:7      | Found a basalt altar of Yredelemnul.
  6052 | D:7      | Reached **** piety under Trog
  6093 | D:7      | Reached XP level 9. HP: 41/41 MP: 10/10
  6460 | D:7      | Noticed Joseph
  6471 | D:7      | Killed Joseph
  7101 | D:7      | Slain by a hog
  7102 | D:7      | Reached XP level 8. HP: 0/39 MP: 9/9
  7509 | D:7      | Reached XP level 9. HP: 35/42 MP: 10/10
  7631 | D:6      | Reached ***** piety under Trog
  7744 | D:6      | Found a blossoming altar of Fedhas.
  8091 | D:6      | Found a staircase to the Ecumenical Temple.
  8887 | D:5      | Found a stormy altar of Qazlal.
  8921 | D:5      | Killed xhc's ghost
  8921 | D:5      | Reached skill level 10 in Unarmed Combat
  9212 | D:5      | Found Wiaferib's Distillery.
  9221 | D:5      | Bought a potion of curing for 36 gold pieces
  9280 | D:5      | Bought a potion of heal wounds for 60 gold pieces
  9553 | D:8      | Found an iron altar of Okawaru.
  9689 | D:8      | Killed Gastronok
  9689 | D:8      | Reached skill level 10 in Dodging
  9689 | D:8      | Reached skill level 10 in Stealth
  9689 | D:8      | Reached XP level 10. HP: 36/48 MP: 11/11
 10904 | D:8      | Killed an unseen horror
 10983 | D:9      | Noticed Erolcha
 11231 | D:9      | Killed Erolcha
 11506 | D:9      | Noticed Sanvar's ghost (journeyman HuCj)
 11519 | D:8      | Gained mutation: You are partially covered in thin metallic scales. (AC +2) [mutagenic meat]
 11527 | D:9      | Killed Sanvar's ghost
 11527 | D:9      | Reached XP level 11. HP: 52/52 MP: 12/12
 12190 | D:9      | Noticed a flayed ghost
 12194 | D:9      | Killed a flayed ghost
 12216 | D:9      | Noticed a catoblepas
 12223 | D:9      | Killed a catoblepas
 13152 | D:10     | Entered Level 10 of the Dungeon
 13152 | D:10     | Found Fum Bier's Assorted Antiques.
 13826 | Lair:1   | Entered Level 1 of the Lair of Beasts
 14009 | Lair:1   | Noticed a four-headed hydra
 14034 | Lair:1   | Killed a four-headed hydra
 14963 | Lair:2   | Found a staircase to the Snake Pit.
 15260 | Lair:2   | Gained mutation: Your thick and shaggy fur keeps you warm. (AC +3, rC+) [Felid growth]
 15260 | Lair:2   | Reached XP level 12. HP: 57/57 MP: 13/13
 16342 | Lair:2   | Noticed a six-headed hydra
 16348 | Lair:2   | Killed a six-headed hydra
 17011 | Lair:3   | Reached skill level 10 in Fighting
 17022 | Lair:3   | Noticed a five-headed hydra
 17031 | Lair:3   | Killed a five-headed hydra
 17771 | Lair:3   | Noticed Prince Ribbit
 17796 | Lair:3   | Killed Prince Ribbit
 18048 | Lair:3   | Noticed Nergalle
 18066 | Lair:3   | Reached ****** piety under Trog
 18069 | Lair:3   | Killed Nergalle
 18293 | Lair:4   | Found a staircase to the Shoals.
 18381 | Lair:4   | Reached XP level 13. HP: 44/62 MP: 10/14
 18497 | Lair:4   | Found a hazy altar of Hepliaklqana.
 19062 | Lair:4   | Noticed an entropy weaver
 19081 | Lair:4   | HP: 3/62 [entropy weaver (5)]
 19083 | Lair:4   | Killed an entropy weaver
 19164 | Lair:4   | Noticed an entropy weaver
 19191 | Lair:4   | Killed an entropy weaver
 21012 | Lair:6   | Entered Level 6 of the Lair of Beasts
 21205 | Lair:6   | Found a runed door.
 21206 | Lair:6   | Found a viscous altar of Jiyva.
 21206 | Lair:6   | Found a staircase to the Slime Pits.
 21755 | Lair:6   | Found a runed door.
 21806 | Lair:6   | Reached skill level 15 in Unarmed Combat
 22401 | Lair:6   | Identified a scroll of acquirement
 22404 | Lair:6   | Got a wavering garnet amulet
 22867 | Lair:6   | HP: 3/63 [poisoned by a water moccasin]
 23015 | Lair:6   | Identified the amulet "Keuwemme" {Harm *Drain rN+ MR- Str+4} (You acquired it on level 6 of the Lair of Beasts)
 23348 | Lair:6   | Engulfed by a steam dragon's steam
 23349 | Lair:6   | Reached XP level 12. HP: -1/60 MP: 0/13
 23368 | Lair:6   | Reached XP level 13. HP: 63/63 MP: 14/14
 24031 | Lair:6   | Noticed a fire dragon
 24162 | Lair:6   | Killed a fire dragon
 24500 | Shoals:1 | Entered Level 1 of the Shoals
 24503 | Shoals:1 | Noticed Goboxel's ghost (adept HOFi)
 25189 | Shoals:1 | Killed Goboxel's ghost
 25254 | Shoals:1 | HP: 4/96 [poisoned by a sea snake]
 25255 | Shoals:1 | HP: 1/96 [poisoned by a sea snake]
 25255 | Shoals:1 | Slain by a sea snake
 25256 | Shoals:1 | Reached XP level 12. HP: -1/90 MP: 0/31
 25256 | Shoals:1 | Noticed an alligator snapping turtle
 25272 | Shoals:1 | Reached skill level 15 in Dodging
 25279 | Shoals:1 | HP: 4/91 [harpy (9)]
 25280 | Shoals:1 | HP: 1/91 [alligator snapping turtle (3)]
 25737 | D:11     | Reached skill level 15 in Stealth
 26753 | D:12     | Gained mutation: You are robust. (+10% HP) [mutagenic meat]
 26755 | D:12     | Lost mutation: You are robust. (+10% HP) [mutagenic meat]
 26756 | D:12     | Gained mutation: You are resistant to hostile enchantments. (MR+) [mutagenic meat]
 26868 | D:12     | Noticed a four-headed hydra
 26907 | D:12     | Killed a four-headed hydra
 27003 | D:12     | Found a staircase to the Orcish Mines.
 27048 | D:12     | Reached XP level 13. HP: 64/64 MP: 14/14
 27202 | D:12     | Noticed Psyche
 27207 | D:12     | Killed Psyche
 27576 | D:12     | Found a roughly hewn altar of Beogh.
 27588 | D:12     | Gained mutation: You are mostly covered in thin metallic scales. (AC +3) [potion of mutation]
 27588 | D:12     | Gained mutation: Your system is resistant to poisons. (rPois) [potion of mutation]
 27588 | D:12     | Gained mutation: Your body sometimes deteriorates upon taking damage. [potion of mutation]
 27589 | D:12     | Gained mutation: Your muscles are strong. (Str +2) [potion of mutation]
 27590 | D:12     | Gained mutation: Your spells are a little easier to cast, but a little less powerful. [potion of mutation]
 27590 | D:12     | Gained mutation: You are partially covered in rugged brown scales. (AC +1, +3% HP) [potion of mutation]
 27593 | Orc:1    | Entered Level 1 of the Orcish Mines
 27661 | Orc:1    | Found a bloodstained altar of Trog.
 27735 | Orc:1    | Noticed Urug
 27752 | Orc:1    | Killed Urug
 28091 | Orc:1    | Noticed an orc warlord
 28100 | Orc:1    | Killed an orc warlord
 28594 | Orc:2    | Entered Level 2 of the Orcish Mines
 28597 | Orc:2    | Found Meubbe Hytso's Food Emporium.
 28929 | Orc:2    | Found a staircase to the Elven Halls.
 29056 | Orc:2    | Found Baymeoc's Distillery.
 29057 | Orc:2    | Found Irphotyme's Magic Scroll Boutique.
 29187 | Orc:2    | Bought a potion of heal wounds for 70 gold pieces
 29187 | Orc:2    | Bought a potion of heal wounds for 70 gold pieces
 29768 | Orc:2    | Gained mutation: You are frail. (-10% HP) [a neqoxec]
 29940 | Orc:2    | Reached XP level 14. HP: 58/64 MP: 15/15
 29941 | Orc:2    | Found Mediacw's Antique Weapon Shoppe.
 29941 | Orc:2    | Found a one-way gate leading to the halls of Pandemonium.
 29941 | Orc:2    | Found Ytysyuc's Gadget Emporium.
 30342 | Orc:2    | Noticed Asagix's ghost (journeyman MiBe)
 30595 | Orc:2    | Killed Asagix's ghost
 31986 | Snake:1  | Entered Level 1 of the Snake Pit
 35824 | Snake:1  | Shot with a bolt by a naga sharpshooter
 35825 | Snake:1  | Reached XP level 13. HP: -1/60 MP: 0/32
 36520 | Snake:1  | Reached XP level 14. HP: 64/65 MP: 15/15
 36598 | Snake:1  | Shot with an arrow by a naga sharpshooter

Skill      XL: |  1  2  3  4  5  6  7  8  9 10 11 12 13 14 |
---------------+-------------------------------------------+-----
Stealth        | 1 3 4 5 9 10 12 15 16 17 | 17.0
Unarmed Combat | 4 5 6 8 10 11 12 16 15 17 | 17.7
Fighting       | 4 5 6 8 9 12 13 | 13.1
Dodging        | 5 6 8 10 11 12 15 16 | 16.9

Action                   |  1- 3 |  4- 6 |  7- 9 | 10-12 | 13-15 || total
-------------------------+-------+-------+-------+-------+-------++-------
Melee: Unarmed           |    89 |   157 |   400 |   753 |  1408 ||  2807
       Bite              |    10 |    21 |    50 |   118 |   181 ||   380
       Punch             |     3 |     3 |     9 |    69 |   132 ||   216
Invok: Berserk           |     1 |     1 |     8 |    13 |    24 ||    47
       Trog's Hand       |       |       |     5 |     5 |    29 ||    39
       Burn Spellbooks   |       |       |     2 |       |     1 ||     3
       Brothers in Arms  |       |       |       |       |    17 ||    17
Evoke: Wand              |       |       |       |     1 |       ||     1
  Use: Scroll            |       |     2 |     8 |    17 |    13 ||    40
       Potion            |       |       |       |     4 |     8 ||    12
 Stab: Sleeping          |     7 |    10 |    22 |    52 |    30 ||   121
       Distracted        |       |     1 |     2 |     5 |    15 ||    23
       Confused          |       |       |       |       |     1 ||     1
  Eat: Chunk             |     8 |     7 |    21 |    45 |    60 ||   141
       Meat ration       |       |       |       |       |     2 ||     2
Armor: Skin              |     4 |     8 |     5 |    28 |    53 ||    98
Dodge: Dodged            |    44 |    94 |   234 |   637 |  1134 ||  2143
